 Dungeon Crawl Stone Soup version 0.29.0-4-gdea44cf6ec (webtiles) character file.

Game seed: 18360770434021345710

21 qw the Chopper (level 2, 0/17 HPs)
             Began as a Tengu Warper on Aug 28, 2022.
             Slain by a hobgoblin (4 damage)
             ... on level 2 of the Dungeon.
             The game lasted 00:00:04 (897 turns).

qw the Chopper (Tengu Warper)                        Turns: 897, Time: 00:00:05

Health: 0/17       AC:  3    Str: 11    XL:     2   Next: 83%
Magic:  6/6        EV: 11    Int: 13    God:
Gold:   56         SH:  0    Dex: 13    Spells: 5/5 levels left

rFire   . . .      SeeInvis .   Y - +0 hand axe
rCold   . . .      Faith    .   (no shield)
rNeg    . . .      Spirit   .   b - +0 leather armour
rPois   .          Reflect  .   (helmet restricted)
rElec   .          Harm     .   (no cloak)
rCorr   .          Rampage  .   (no gloves)
Will    .....                   (boots unavailable)
Stlth   +.........              (no amulet)
HPRegen 0.05/turn               (no ring)
MPRegen 0.10/turn               (no ring)

@: no status effects
A: beak, talons 3
a: no special abilities


You were on level 2 of the Dungeon.
You visited 1 branch of the dungeon, and saw 2 of its levels.

You collected 56 gold pieces.


Innate Abilities, Weirdness & Mutations

You have a beak for a mouth.
You have claws for feet.


   Skills:
 - Level 2.0 Fighting
 + Level 3.6 Axes
 - Level 1.0 Throwing
 - Level 1.1 Armour
 - Level 2.1 Dodging
 - Level 2.0 Spellcasting
 - Level 2.4 Translocations


You had 5 spell levels left.
You didn't know any spells.
Your spell library contained the following spells:

 Spells                   Type           Power      Damage    Failure   Level
 Blink                    Tloc           14%        N/A       19%         2
 Gell's Gravitas          Tloc           7%         N/A       36%         3
 Lesser Beckoning         Tloc           7%         N/A       36%         3
 Teleport Other           Tloc           7%         N/A       36%         3
 Manifold Assault         Tloc           7%         N/A       98%         5

Inventory:

Hand Weapons
 h - a +0 whip
 Y - a +0 hand axe (weapon)
Armour
 b - a +0 leather armour (worn)
Scrolls
 i - a scroll of identify
Potions
 e - a potion of brilliance {unknown}
 f - a potion of invisibility {unknown}
 j - a potion of flight {unknown}

Dungeon Overview and Level Annotations

Branches:
Dungeon (2/15)

Altars:

Annotations:
D:1 1 transporter


Message History

You hit the worm. You peck the worm, but do no damage.
The worm is heavily wounded.
The worm closely misses you.
You hit the worm. You claw the worm.
The worm is severely wounded.
The worm closely misses you.
You hit the worm. You claw the worm.
You kill the worm!
You start resting.
HP restored.
A rat comes into view.
You hit the rat.
You kill the rat!
Found a stone staircase leading down.
You see here a +2 falchion of holy wrath.
There is a stone staircase leading down here.
You now have 56 gold pieces (gained 4).
Found a stone staircase leading down.
Enter note:
There is a stone staircase leading down here.
A gnoll comes into view. It is wielding a +0 spear.
The gnoll shouts!
You hear a shout!
Enter note: A hobgoblin and a gnoll come into view.
The hobgoblin shouts!
The gnoll shouts!
A gnoll comes into view. It is wielding a +0 flail.
The gnoll shouts!
A bat comes into view.
The gnoll hits you with a +0 spear.
The bat moves out of view.
You barely miss the gnoll. The gnoll hits you with a +0 spear.
You barely miss the gnoll. You claw the gnoll, but do no damage.
You closely miss the hobgoblin. The gnoll hits you with a +0 spear.
The hobgoblin hits you.
You hit the gnoll. You claw the gnoll.
The gnoll is lightly wounded.
You closely miss the hobgoblin. The gnoll hits you with a +0 spear.
The bat hits you but does no damage. The hobgoblin hits you.
You die...

#
..#.#.##################
....ggg@................
......bg################
....#...# ... #...# .
#...# #.... #.... #....


You could see 3 gnolls, a hobgoblin and a bat.

Vanquished Creatures
  A worm (D:2)
  A dart slug (D:1)
  An endoplasm (D:1)
  A giant cockroach (D:1)
  4 goblins (D:1)
  2 hobgoblins
  A bat (D:1)
  2 kobolds (D:1)
  A rat (D:2)
14 creatures vanquished.

Notes
Turn   | Place    | Note
-------+----------+-------------------------------------------
     0 | D:1      | qw the Tengu Warper began the quest for the Orb.
     0 | D:1      | Reached XP level 1. HP: 12/12 MP: 4/4
     0 | D:1      | 0 ||| qw: Version: 0.1-a-89-g26bdef1
     0 | D:1      | 0 ||| qw: Game counter: 1840
     0 | D:1      | 0 ||| qw: Always use a shield: true
     0 | D:1      | 0 ||| qw: God list: Okawaru
     0 | D:1      | 0 ||| qw: Allow faded altars: false
     0 | D:1      | 0 ||| qw: Do Orc after D:15 true
     0 | D:1      | 0 ||| qw: Do second Lair branch before Depths: true
     0 | D:1      | 0 ||| qw: Lair rune preference: random
     0 | D:1      | 0 ||| qw: Plans: Normal
     0 | D:1      | 0 ||| PLANNING D:1-11
   172 | D:1      | Reached XP level 2. HP: 17/17 MP: 6/6
   242 | D:1      | Reached skill level 3 in Axes
   306 | D:1      | Found a faded altar of an unknown god.
   666 | D:1      | 666 ||| READING 2 scrolls labelled HEESONI OGIR.
   667 | D:1      | 667 ||| READING 3 scrolls labelled ZINERCH YNIMM.
   668 | D:1      | 668 ||| READING 2 scrolls of identify.
   668 | D:1      | 668 ||| IDENTIFYING pink potion
   669 | D:1      | 669 ||| DROPPING scroll of amnesia.
   670 | D:1      | 670 ||| DROPPING scroll of blinking.
   671 | D:1      | 671 ||| DROPPING potion of berserk rage.
   897 | D:2      | HP: 4/17 [gnoll/+0 spear (1)]
   897 | D:2      | Slain by a hobgoblin

Levels and vault maps discovered:
D:1:      spicycebolla_arrival_risky_transporter, layout_basic,
          dilly_ecumenical_altar_fadedgnrine
D:2:      layout_basic, kennysheep_boxes

Skill      XL: |  1  2 |
---------------+-------+-----
Axes           | 3 |  3.6
Fighting       | |  2.0
Throwing       | |  1.0
Armour         | |  1.1
Dodging        | |  2.1
Spellcasting   | |  2.0
Translocations | |  2.4

Action                   || total
-------------------------++-------
Melee: Hand axe          ||    21
       Kick              ||     9
       Peck              ||     3
Throw: Boomerang         ||     7
  Use: Scroll            ||     3
Armor: Leather armour    ||     4
Dodge: Dodged            ||     7

Table legend:
 A = Non-vault XP
 B = Vault XP
 C = Vault XP percentage of total XP
 D = Non-vault monster count
 E = Vault monster count
 F = Vault count percentage of total count
                 A         B        C        D         E       F
            +---------+---------+-------+---------+---------+-------
      Total |      30 |       0 |   0.0 |      14 |       0 |   0.0
            +---------+---------+-------+---------+---------+-------
        D:1 |      22 |       0 |   0.0 |      11 |       0 |   0.0
        D:2 |       8 |       0 |   0.0 |       3 |       0 |   0.0
            +---------+---------+-------+---------+---------+-------
